 Dungeon Crawl Stone Soup version 0.30-a0-462-gd5975efbca (webtiles) character file.

Game seed: 377208417622834838

535385 Mitcholas the Grim Reaper (level 25, -4/216 HPs)
             Began as a Hill Orc Fighter on Dec 14, 2022.
             Was an Elder of Yredelemnul.
             Slain by Tiamat
             ... wielding a +1 bardiche of venom
              (19 damage)
             ... on level 1 of the Realm of Zot on Dec 16, 2022.
             The game lasted 04:15:36 (49236 turns).

Mitcholas the Grim Reaper (Hill Orc Fighter)       Turns: 49236, Time: 04:15:36

Health: -4/216     AC: 41    Str: 29    XL:     25   Next: 79%
Magic:  40/40      EV: 12    Int:  8    God:    Yredelemnul [****..]
Gold:   926        SH: 33    Dex: 22    Spells: 24/24 levels left

rFire   + . .      SeeInvis .    T - +7 broad axe (vamp)
rCold   + . .      Faith    +    P - +6 tower shield
rNeg    . . .      Spirit   .    Z - +11 storm dragon scales of the Snake Pit {rElec Dex+4}
rPois   +          Reflect  .    a - +1 helmet of Past Mistakes {rPois rC+ Dex+4}
rElec   +          Harm     .    N - +2 cloak of the Haunted God {Dex+4}
rCorr   .          Rampage  ∞    V - +2 pair of gloves
Will    ++...                    M - +3 pair of seven-league boots {Rampage+∞}
Stlth   ..........               e - amulet of faith
HPRegen 0.56/turn                l - ring of Discord {rF+ Slay+5}
MPRegen 0.27/turn                D - ring of willpower

@: lethally poisoned (-4 -> -13), hasted, studying 2 skills, invisible, very
quick
A: deformed body, frail 1, weak 1
}: 3/15 runes: decaying, serpentine, silver
a: Renounce Religion, Recall Undead Harvest, Dark Bargain, Drain Life


You were on level 1 of the Realm of Zot.
You worshipped Yredelemnul.
Yredelemnul was exalted by your worship.
You visited 10 branches of the dungeon, and saw 44 of its levels.
You visited 1 bazaar.
You also visited: Sewer, Bailey and Wizlab.

You collected 7602 gold pieces.
You spent 6676 gold pieces at shops.

Inventory:

Hand Weapons
 K - a +3 broad axe of electrocution
 T - a +7 vampiric broad axe (weapon)
Missiles
 i - 3 throwing nets (quivered)
 I - 15 silver javelins
 J - 3 silver boomerangs
Armour
 a - the +1 helmet of Past Mistakes (worn) {rPois rC+ Dex+4}
   (You acquired it in a bailey)

   Dex:       It affects your dexterity (+4).
   rC:        It protects you from cold.
   rPois:     It protects you from poison.
 M - the +3 pair of seven-league boots (worn) {Rampage+∞}
   (You acquired it on level 2 of the Lair of Beasts)

   Its wearer moves as far as possible in that direction when moving towards
   enemies.
 N - the +2 cloak of the Haunted God (worn) {Dex+4}
   (You found it on level 3 of the Elven Halls)

   Dex:       It affects your dexterity (+4).
 P - a +6 tower shield (worn)
 V - a +2 pair of gloves (worn)
 Z - the +11 storm dragon scales of the Snake Pit (worn) {rElec Dex+4}
   (You bought it in a shop on level 1 of the Snake Pit)

   Dex:       It affects your dexterity (+4).
   rElec:     It insulates you from electricity.
Jewellery
 e - an amulet of faith (around neck)
 g - a ring of protection from fire
 l - the ring of Discord (left hand) {rF+ Slay+5}
   (You found it in a wizard's laboratory)

   [ring of protection from fire]

   Slay:      It affects your accuracy & damage with ranged weapons and melee
   (+5).
   rF:        It protects you from fire.
 p - the ring of Xom's Full Attention {Dex+3 SInv}
   (You took it off a vault warden on level 5 of the Vaults)

   [ring of see invisible]

   Dex:       It affects your dexterity (+3).
   SInv:      It lets you see invisible.
 D - a ring of willpower (right hand)
 W - a ring of flight
Wands
 c - a wand of polymorph (9)
 r - a wand of digging (19)
 v - a wand of flame (36)
 x - a wand of acid (18)
 G - a wand of mindburst (39)
 H - a wand of paralysis (42)
 R - a wand of iceblast (44)
Scrolls
 h - a scroll of brand weapon
 j - 8 scrolls of fog
 s - 5 scrolls of blinking
 t - a scroll of summoning
 y - 19 scrolls of teleportation
 A - 14 scrolls of immolation
 C - 7 scrolls of fear
 F - 4 scrolls of magic mapping
 O - 3 scrolls of poison
Potions
 b - 6 potions of magic
 d - 2 potions of berserk rage
 f - 28 potions of curing
 k - a potion of invisibility
 m - 8 potions of heal wounds
 o - 2 potions of cancellation
 w - 2 potions of haste
 z - 10 potions of mutation
 B - 4 potions of resistance
 L - 5 potions of lignification
 Q - a potion of might
Miscellaneous
 q - a phial of floods
 E - a piece from Xom's chessboard (15/15)
 S - a lightning rod (4/4)
 X - a tin of tremorstones (2/2)


   Skills:
 + Level 22.5 Fighting
 - Level 18.0 Axes
 + Level 21.2 Armour
 + Level 4.7 Dodging
 * Level 26.2 Shields
 O Level 27 Invocations
 + Level 11.5 Evocations


You had 24 spell levels left.
You didn't know any spells.
Your spell library contained the following spells:

 Spells                   Type           Power      Damage    Failure   Level
 Apportation              Tloc           0%         N/A       77%         1
 Foxfire                  Conj/Fire      0%         2x1d4     77%         1
 Necrotise                Necr           0%         1d4       77%         1
 Sandblast                Erth           0%         2d4       77%         1
 Slow                     Hex            0%         N/A       77%         1
 Summon Small Mammal      Summ           0%         N/A       77%         1
 Cigotuvi's Dreadful Rot  Necr/Pois/Air  0%         N/A       88%         2
 Ensorcelled Hibernation  Hex/Ice        0%         N/A       88%         2
 Passwall                 Tmut/Erth      0%         N/A       88%         2
 Poisonous Vapours        Pois/Air       0%         N/A       88%         2
 Static Discharge         Conj/Air       0%         2-2/arc   88%         2
 Call Canine Familiar     Summ           0%         N/A       98%         3
 Confusing Touch          Hex            0%         N/A       98%         3
 Dazzling Flash           Conj/Hex       0%         N/A       98%         3
 Frozen Ramparts          Ice            0%         1d1       98%         3
 Gell's Gravitas          Tloc           0%         N/A       98%         3
 Ignite Poison            Fire/Tmut/Pois 0%         N/A       98%         3
 Kindle Blastsparks       Fire/Tloc/Air  0%         2d10      98%         3
 Lesser Beckoning         Tloc           0%         N/A       98%         3
 Mephitic Cloud           Conj/Pois/Air  0%         N/A       98%         3
 Spider Form              Tmut/Pois      0%         N/A       98%         3
 Stone Arrow              Conj/Erth      0%         3d7       98%         3
 Summon Guardian Golem    Hex/Summ       0%         N/A       98%         3
 Swiftness                Air            0%         N/A       98%         3
 Teleport Other           Tloc           0%         N/A       98%         3
 Tukima's Dance           Hex            0%         N/A       98%         3
 Vampiric Draining        Necr           0%         2d6       98%         3
 Vhi's Electric Charge    Tloc/Air       0%         N/A       98%         3
 Airstrike                Air            0%         2d(0-16)  100%        4
 Anguish                  Hex/Necr       0%         N/A       100%        4
 Animate Armour           Summ/Erth      0%         N/A       100%        4
 Dispel Undead            Necr           0%         3d6       100%        4
 Fulminant Prism          Conj/Hex       0%         3d5       100%        4
 Ice Form                 Ice/Tmut       0%         N/A       100%        4
 Leda's Liquefaction      Hex/Erth       0%         N/A       100%        4
 Olgreb's Toxic Radiance  Pois           0%         N/A       100%        4
 Passage of Golubria      Tloc           0%         N/A       100%        4
 Petrify                  Tmut/Erth      0%         N/A       100%        4
 Summon Ice Beast         Ice/Summ       0%         N/A       100%        4
 Summon Lightning Spire   Summ/Air       0%         N/A       100%        4
 Agony                    Necr           0%         N/A       100%        5
 Alistair's Intoxication  Tmut/Pois      0%         N/A       100%        5
 Arcjolt                  Conj/Air       0%         1d10      100%        5
 Fireball                 Conj/Fire      0%         3d3       100%        5
 Freezing Cloud           Conj/Ice/Air   0%         6-21      100%        5
 Iskenderun's Battlesphe  Conj           0%         2d6       100%        5
 Lee's Rapid Deconstruct  Erth           0%         3d4*      100%        5
 Lightning Bolt           Conj/Air       0%         1d11      100%        5
 Metabolic Englaciation   Hex/Ice        0%         N/A       100%        5
 Silence                  Hex/Air        0%         N/A       100%        5
 Summon Mana Viper        Hex/Summ       0%         N/A       100%        5
 Yara's Violent Unravell  Hex/Tmut       0%         3d3       100%        5
 Conjure Ball Lightning   Conj/Air       0%         3x3d6     100%        6
 Dispersal                Tloc           0%         N/A       100%        6
 Iron Shot                Conj/Erth      0%         9d1       100%        6
 Starburst                Conj/Fire      0%         6d3       100%        6
 Statue Form              Tmut/Erth      0%         N/A       100%        6
 Haunt                    Necr/Summ      0%         N/A       100%        7
 Ozocubu's Refrigeration  Ice            0%         4d7       100%        7
 Spellforged Servitor     Conj/Summ      0%         N/A       100%        7
 Discord                  Hex            0%         N/A       100%        8
 Disjunction              Tloc           0%         N/A       100%        8
 Ignition                 Fire           0%         3d3       100%        8
 Chain Lightning          Conj/Air       0%         N/A       100%        9
 Fire Storm               Conj/Fire      0%         5d1       100%        9
 Shatter                  Erth           0%         3d5*      100%        9
 Animate Dead             Necr           Unusable   N/A       N/A         4
 Death Channel            Necr           Unusable   N/A       N/A         6

Dungeon Overview and Level Annotations

Branches:
Dungeon (15/15)            Temple (1/1) D:7            Lair (5/5) D:10
  Swamp (4/4) Lair:2        Snake (4/4) Lair:2        Slime (0/5) Lair:4
    Orc (2/2) D:11            Elf (3/3) Orc:2        Vaults (5/5) D:14
  Crypt (0/3) Vaults:2     Depths (4/4) D:15            Zot (1/5) Depths:4
  Sewer (visited)          Bailey (visited)          WizLab (visited)

Altars:
Ashenzari
Cheibriados
Dithmenos
Elyvilon
Fedhas
Gozag
Hepliaklqana
Kikubaaqudgha
Makhleb
Nemelex Xobeh
Okawaru
Qazlal
Ru
Sif Muna
Trog
Uskayaw
Vehumet
Wu Jian
Xom
Yredelemnul
Zin
The Shining One
Beogh
Jiyva

Shops:
D:11 *   D:15 ?   Orc:2 *:?(   Elf:1 [   Elf:3 :   Snake:1 ([   Vaults:5 [
Depths:4 ::=

Portals:
Hell: Depths:1 Depths:2 Depths:3 Depths:4
Abyss: Depths:1 Depths:2 Depths:3
Pandemonium: Depths:2
Ziggurat: Depths:4
Trove: D:15 (give +3 gold dragon scales)

Annotations:
D:8 2 transporters
D:9 exclusion: oklob plant
Elf:2 3 runed translucent doors
Zot:1 Tiamat


Innate Abilities, Weirdness & Mutations

Armour fits poorly on your strangely shaped body.
You are frail. (-10% HP)
You are weak. (Str -2)


Message History

The searing blast misses you.
The moth of wrath barely misses your draconian shifter zombie.
You hit the orb of fire but do no damage.
The orb of fire is almost destroyed.
You feel very sick.
The orb of fire glows deep purple.
The bolt of fire hits you!! You resist.
* * * LOW HITPOINT WARNING * * *
Your draconian shifter zombie is engulfed in blazing flames.
Your draconian shifter zombie hits Tiamat but does no damage.
Your purple draconian zombie hits the orb of fire but does no damage.
Your draconian scorcher zombie barely misses Tiamat.
Unknown command.
You miss the orb of fire.
The orb of fire is almost destroyed.
You feel sick. You block Tiamat's attack.
The moth of wrath bites your draconian shifter zombie but does no damage.
Unknown command.
You miss the orb of fire.
The orb of fire is almost destroyed.
You feel sick.
You hit the orb of fire but do no damage.
The orb of fire is almost destroyed.
You feel sick.
Your purple draconian zombie hits the orb of fire but does no damage.
Your draconian shifter zombie hits Tiamat but does no damage.
The moth of wrath completely misses your draconian shifter zombie.
You block Tiamat's attack.
Your draconian scorcher zombie hits Tiamat but does no damage.
You slash the orb of fire!
The orb of fire is almost destroyed.
You feel sick.
Unknown command.
You slash the orb of fire!
The orb of fire is almost destroyed.
You feel sick.
The moth of wrath bites your draconian shifter zombie.
Tiamat hits you from afar with a +1 bardiche of venom!!
You die...
Your body rises from the dead as a mindless zombie.

.... #..# #..# #..#
#..# #y)#
#########ZZ###
##......).)d)Z##
#.......).)))@*#
...##########)..###
##..☼#. #.... #..#
#...## #..# #...#
#..# #.?# #..# #..#
#..# #..######..#


You could see Tiamat (possessable, catching breath, ally target), an orb of fire
(ally target), a moth of wrath (unable to see you, ally target), a friendly
purple draconian zombie, a friendly draconian shifter zombie and a friendly
draconian scorcher zombie.

Vanquished Creatures
  2 ancient liches
  A dread lich (Vaults:5)
  Vashnia (Snake:2)
  2 golden dragons (Depths:4)
  An electric golem (WizLab)
  6 tentacled monstrosities
  2 liches
  A Hell Sentinel (Zot:1)
  3 deep elf blademasters (Elf:3)
  2 deep elf master archers (Elf:3)
  2 quicksilver dragons
  2 tengu reavers (Vaults:5)
  4 shadow dragons
  2 storm dragons
  Donald (Elf:3)
  5 sphinxes
  7 fire giants
  10 frost giants
  A draconian monk (Zot:1)
  An iron dragon (Vaults:5)
  4 nagarajas
  A draconian knight (Zot:1)
  2 deep elf sorcerers
  9 vault wardens
  A draconian scorcher (Zot:1)
  A draconian annihilator (Depths:4)
  2 deep elf elementalists (Elf:3)
  4 draconian shifters
  18 very ugly things
  3 spriggan defenders (Depths:2)
  16 ironbound preservers
  12 stone giants
  9 ironbound thunderhulks
  5 war gargoyles
  2 vampire knights (Depths:4)
  A deep elf demonologist (Elf:3)
  An eleionoma (Swamp:4)
  3 deep elf annihilators
  A dire elephant (Vaults:3)
  3 black draconians (Zot:1)
  A bunyip (Swamp:3)
  2 white draconians (Zot:1)
  A minotaur (shapeshifter) (Vaults:4)
  2 red draconians (Zot:1)
  4 yellow draconians
  2 purple draconians (Zot:1)
  6 spark wasps
  A merfolk javelineer (Depths:2)
  11 ettins
  6 deep elf death magi
  3 crystal guardians
  9 yaktaur captains
  2 fire dragons
  A jiangshi (Depths:1)
  The ghost of bigduke15 the Protected, a journeyman MiFi of Qazlal (Lair:2)
  A deep elf high priest (Vaults:5)
  3 ice dragons
  7 peacekeepers
  3 great orbs of eyes
  24 vault guards
  3 rakshasas
  2 ogre magi (D:15)
  5 ironbound frosthearts
  4 hydras
  A catoblepas (Lair:5)
  5 centaur warriors
  A salamander tyrant (WizLab)
  8 anacondas
  11 spriggan air magi
  A death knight (D:15)
  A boulder beetle (Vaults:3)
  A death yak (Lair:5)
  8 dancing weapons
  2 alligators
  4 tengu warriors
  11 two-headed ogres
  6 deep troll earth magi
  6 naga warriors
  4 shock serpents
  5 deep troll shamans
  A vampire mage (Depths:1)
  4 spriggan berserkers
  6 hell knights
  5 orc high priests
  4 deep elf knights
  Nergalle (Lair:1)
  15 naga sharpshooters
  A shadow wraith (Vaults:5)
  10 skeletal warriors
  4 salamander mystics
  A sixfirhy (D:12)
  12 iron trolls
  3 glowing orange brains
  56 deep trolls
  6 naga ritualists
  4 spriggan riders
  5 bog bodies
  5 deep elf archers
  A spriggan druid (Swamp:3)
  4 lindwurms
  A sphinx zombie (Depths:4)
  6 deep elf zephyrmancers
  4 swamp dragons (Swamp:4)
  5 orc knights
  14 ironbound convokers
  5 wizards
  A golden dragon skeleton (Depths:3)
  10 deep elf pyromancers
  An iron dragon zombie (Depths:4)
  2 necromancers
  A phantasmal warrior (Vaults:4)
  The ghost of qeuew the Thaumaturge, a novice DECj (D:7)
  8 mana vipers
  3 orc sorcerers (Orc:2)
  40 ugly things
  A will-o-the-wisp (Swamp:4)
  A tengu skeleton (Vaults:5)
  2 cyclopes
  4 manticores
  2 moths of wrath (Zot:1)
  9 salamanders
  9 elephants
  2 human skeletons (Vaults:5)
  3 guardian serpents
  13 naga magi
  15 vault sentinels
  3 molten gargoyles (WizLab)
  10 gargoyles
  A rust devil (Depths:2)
  A cane toad (shapeshifter) (Elf:2)
  28 black mambas
  7 cane toads
  4 kobold demonologists
  Psyche (D:8)
  A freezing wraith (Vaults:5)
  24 yaktaurs
  3 komodo dragons
  A spark wasp simulacrum (Depths:3)
  A tengu conjurer (Depths:1)
  6 trolls
  A queen bee (shapeshifter) (Elf:2)
  3 tyrant leeches
  9 hornets
  2 polar bears
  15 slime creatures
  11 blink frogs
  Grinder (D:5)
  Sigmund (D:2)
  A centaur simulacrum (D:14)
  5 spriggans
  3 air elementals
  5 water elementals
  31 yaks
  A shadow (D:11)
  A fire elemental (WizLab)
  3 basilisks
  5 wraiths
  A yak (shapeshifter) (Elf:3)
  6 hogs
  Eustachio (D:6)
  3 steam dragons
  A vampire mosquito (Swamp:3)
  Edmund (D:5)
  25 nagas
  3 swamp worms
  An acid dragon (D:14)
  A glowing shapeshifter zombie (Depths:3)
  7 water moccasins
  An ice beast (shapeshifter) (Elf:1)
  27 orc warriors
  A sky beast (D:7)
  3 swamp drakes (Swamp:4)
  5 ice beasts
  6 black bears
  14 ogres
  4 boggarts
  9 wolves
  3 centaurs
  10 kobold brigands
  2 phantoms
  8 bullfrogs
  A necrophage (D:6)
  Blork the orc (D:6)
  5 earth elementals
  3 scorpions
  11 wights
  14 killer bees
  5 electric eels (Bailey)
  4 howler monkeys
  3 quasits (D:7)
  2 jellies
  3 hounds
  24 orc priests
  A gnoll bouda (D:7)
  4 iguanas
  Ijyb (D:3)
  Terence (D:2)
  30 orc wizards
  5 hell rats (Lair:5)
  2 lightning spires (WizLab)
  The ghost of elongatedgoose the Conjurer, a weakling TeCj (D:3)
  14 gnolls
  11 adders
  3 river rats (Sewer)
  A shadow imp (D:6)
  4 white imps
  2 ufetubi (D:14)
  5 worms
  2 dart slugs
  101 orcs
  10 endoplasms
  6 giant cockroaches
  13 goblins
  10 hobgoblins
  4 quokkas
  7 ball pythons
  5 bats
  A frilled lizard (shapeshifter) (Depths:3)
  2 frilled lizards (D:3)
  17 kobolds
  4 rats
1319 creatures vanquished.

Vanquished Creatures (collateral kills)
  2 ancient liches (Depths:4)
  Mara (Swamp:3)
  A golden dragon (Zot:1)
  2 tentacled monstrosities
  Mlioglotl (Swamp:3)
  Jorgrun (Swamp:2)
  A lich (Vaults:5)
  Rupert (D:13)
  2 titans
  3 deep elf master archers (Elf:3)
  A deep elf blademaster (Elf:3)
  4 sphinxes
  3 shadow dragons
  A thorn hunter (Swamp:4)
  Roxanne (Swamp:1)
  A storm dragon (Depths:3)
  The ghost of bakla the Bludgeoner, a journeyman TrBe of Trog (Swamp:2)
  3 tengu reavers
  The ghost of Isiyh the Warrior, a journeyman MiMo of Gozag (Snake:1)
  7 nagarajas
  A draconian monk (Depths:4)
  4 vault wardens
  6 fire giants
  5 deep elf sorcerers
  3 frost giants
  A spectral caustic shrike (Depths:4)
  Aizul (Snake:1)
  An orc warlord (Orc:2)
  4 ironbound preservers
  Louise (Snake:1)
  A spriggan defender (Depths:2)
  A war gargoyle (Vaults:5)
  13 very ugly things
  7 stone giants
  2 ironbound thunderhulks
  A broodmother (shapeshifter) (Vaults:5)
  A deep elf demonologist (Elf:1)
  5 vampire knights (Depths:4)
  2 eleionomae
  4 purple draconians
  2 black draconians
  2 yellow draconians
  A white draconian (Zot:1)
  5 deep elf annihilators
  2 red draconians (Zot:1)
  Snorg (Lair:5)
  9 spark wasps
  3 deep elf death magi (Elf:3)
  3 crystal guardians
  Josephine (D:14)
  A jiangshi (Depths:1)
  4 ettins
  The ghost of zishaf the Dancer, a journeyman VSBr of Uskayaw (Lair:3)
  3 yaktaur captains
  6 fire dragons
  25 hydras
  5 vault guards
  A deep elf high priest (Elf:3)
  3 rakshasas
  A hydra (shapeshifter) (Vaults:5)
  A great orb of eyes (Vaults:2)
  3 ice dragons
  5 spriggan air magi
  A catoblepas (Lair:5)
  5 ironbound frosthearts
  5 anacondas
  8 centaur warriors
  A peacekeeper (Vaults:1)
  A dancing weapon (Snake:1)
  An orc high priest (Orc:2)
  4 death yaks (Lair:5)
  3 boulder beetles
  7 naga warriors
  2 deep troll earth magi (Depths:4)
  7 alligators
  3 spriggan berserkers
  4 shock serpents
  6 deep elf knights
  6 hell knights
  3 naga sharpshooters
  5 iron trolls
  A skeletal warrior (Depths:4)
  A salamander mystic (Snake:3)
  Lodul (D:14)
  An anaconda zombie (Snake:4)
  8 deep elf archers
  5 sea snakes (Snake:4)
  A deep troll (shapeshifter) (Vaults:5)
  A death drake (shapeshifter) (Depths:4)
  A flayed ghost (Depths:4)
  A spark wasp zombie (Depths:3)
  6 swamp dragons
  17 deep trolls
  A spriggan rider (Swamp:1)
  A glowing orange brain (Depths:1)
  2 obsidian statues (D:13)
  4 spriggan druids
  3 bog bodies
  2 wizards (D:14)
  2 necromancers
  4 naga ritualists
  3 orc knights
  A harpy (Vaults:1)
  4 ironbound convokers
  A phantasmal warrior (Vaults:5)
  A lindwurm (Lair:5)
  7 mana vipers
  18 ugly things
  6 deep elf pyromancers
  2 orc sorcerers
  A tengu skeleton (Depths:4)
  8 deep elf zephyrmancers
  A stone giant zombie (Vaults:5)
  5 will-o-the-wisps
  2 moths of wrath (Zot:1)
  4 manticores
  3 guardian serpents (Snake:4)
  10 black mambas
  8 vault sentinels
  8 salamanders
  An elephant (Lair:5)
  A moth of wrath (shapeshifter) (Depths:3)
  7 naga magi
  A molten gargoyle (WizLab)
  2 rime drakes
  2 cane toads
  13 yaktaurs
  3 komodo dragons
  2 swamp worm zombies (Swamp:2)
  A kobold demonologist (D:10)
  A tengu conjurer (Depths:3)
  A freezing wraith (Vaults:5)
  3 trolls
  A bloated husk (Swamp:1)
  2 polar bears
  A meliai (shapeshifter) (Vaults:5)
  4 hornets
  A shadow dragon simulacrum (Depths:3)
  11 tyrant leeches
  13 blink frogs
  13 slime creatures
  An iron dragon simulacrum (Depths:3)
  An air elemental (Elf:2)
  A black mamba zombie (Snake:4)
  11 spriggans
  A centaur simulacrum (D:14)
  A spriggan (shapeshifter) (Vaults:5)
  A slime creature zombie (Vaults:1)
  14 yaks
  A wraith (D:14)
  A basilisk (Lair:1)
  A basilisk (shapeshifter) (D:14)
  10 hogs
  A human (D:14)
  4 vampire mosquitoes (Swamp:3)
  A deep troll zombie (Depths:4)
  9 swamp worms
  20 nagas
  5 wargs
  A human zombie (D:14)
  3 water moccasins
  2 floating eyes
  4 swamp drakes (Swamp:4)
  12 orc warriors
  An ice beast (D:14)
  2 elf zombies
  6 ogres
  A boggart (D:15)
  7 wolves
  A centaur (D:12)
  5 bullfrogs
  2 earth elementals (Elf:2)
  A wight (D:10)
  A killer bee (D:10)
  4 orc priests
  A boggart zombie (D:15)
  13 orc wizards
  A hell rat (Lair:5)
  A white imp (D:14)
  15 orcs
  A kobold (D:10)
  An orc zombie (Orc:2)
  10 briar patches (Swamp:4)
  A bush (Lair:5)
683 creatures vanquished.

Vanquished Creatures (others)
  A spectral hydra (Vaults:1)
  A spectral troll (Elf:3)
  A spectral orc (Depths:2)
  A draconian knight (Zot:1)
  A fire giant (Depths:4)
  A spectral tentacled monstrosity (Vaults:5)
  A spectral iron dragon (Zot:1)
  12 very ugly thing zombies
  2 quicksilver dragon zombies
  A salamander tyrant (WizLab)
  An ironbound frostheart (Vaults:4)
  A storm dragon zombie (Zot:1)
  3 anaconda zombies (Snake:4)
  9 spark wasp zombies
  A bunyip zombie (Swamp:3)
  4 shadow dragon zombies
  16 ugly thing zombies
  A wizard (Vaults:3)
  4 tengu zombies
  A broodmother zombie (Vaults:5)
  A deep elf pyromancer (Elf:1)
  6 sphinx zombies
  7 fire giant zombies
  A stone giant zombie (Depths:4)
  6 draconian zombies
  5 frost giant zombies
  A centaur zombie (Vaults:2)
  A molten gargoyle (WizLab)
  A spectral rakshasa (Depths:3)
  A sea snake zombie (Snake:4)
  4 red draconian zombies (Zot:1)
  3 purple draconian zombies
  7 iron troll zombies
  A harpy zombie (Vaults:1)
  A spectral glowing orange brain (Depths:3)
  A death drake zombie (Depths:4)
  2 black draconian zombies (Zot:1)
  45 human zombies
  11 hydra zombies
  3 mana viper zombies
  A merfolk zombie (Depths:2)
  A bloated husk (Swamp:3)
  5 ettin zombies
  2 guardian serpent zombies (Snake:4)
  A moth of wrath zombie (Zot:1)
  2 spectral floating eyes
  A great orb of eyes zombie (Vaults:3)
  3 alligator zombies
  A boulder beetle zombie (Vaults:3)
  2 ice dragon zombies (Depths:2)
  9 black mamba zombies
  2 fire dragon zombies (Depths:1)
  3 slime creature zombies (Vaults:1)
  A spectral rust devil (Depths:2)
  3 nagas
  4 two-headed ogre zombies (D:15)
  34 deep troll zombies
  4 salamander zombies
  A swamp dragon zombie (Swamp:3)
  4 hornet zombies
  27 elf zombies
  10 blink frog zombies (Lair:5)
  8 hog zombies
  4 vampire mosquito zombies (Swamp:3)
  16 yaktaur zombies
  A warg zombie (Orc:2)
  15 spriggan zombies
  7 yak zombies
  6 wolf zombies
  An orc priest (Orc:2)
  2 boggart zombies (D:15)
  3 killer bee zombies
  19 naga zombies
  11 ogre zombies
  3 hell rat zombies (Lair:5)
  A swamp drake zombie (Swamp:4)
  2 orcs
  39 orc zombies
  2 spectral ufetubi (D:14)
  22 foxfires
  77 fungi
  103 plants
634 creatures vanquished.

Grand Total: 2636 creatures vanquished

Notes
Turn   | Place    | Note
-------+----------+-------------------------------------------
     0 | D:1      | Mitcholas the Hill Orc Fighter began the quest for the Orb.
     0 | D:1      | Reached XP level 1. HP: 19/19 MP: 1/1
    99 | D:1      | Reached XP level 2. HP: 27/27 MP: 2/2
   394 | D:1      | Found a faded altar of an unknown god.
   427 | D:1      | Reached XP level 3. HP: 33/33 MP: 3/3
   704 | D:2      | Noticed Terence
   712 | D:2      | Killed Terence
   713 | D:2      | Reached skill level 5 in Axes
   874 | D:2      | Reached XP level 4. HP: 40/40 MP: 4/4
  1390 | D:2      | Found a shimmering altar of Xom.
  1392 | D:2      | Noticed Sigmund
  1407 | D:2      | Killed Sigmund
  1408 | D:2      | Reached XP level 5. HP: 39/46 MP: 5/5
  1408 | D:2      | Reached XP level 6. HP: 45/52 MP: 6/6
  1595 | D:3      | Found an opulent altar of Gozag.
  1595 | D:3      | Found an opulent altar of Gozag.
  1599 | D:3      | Found an opulent altar of Gozag.
  1707 | D:3      | Noticed Ijyb
  1725 | D:3      | Killed Ijyb
  1993 | D:3      | Found a sacrificial altar of Ru.
  2122 | D:3      | Found a runed translucent gate.
  2122 | D:3      | Found a runed translucent gate.
  2122 | D:3      | Found a runed translucent gate.
  2126 | D:3      | Found a roughly hewn altar of Beogh.
  2127 | D:3      | Noticed elongatedgoose's ghost (weakling TeCj)
  2144 | D:3      | Killed elongatedgoose's ghost
  2549 | D:3      | Found an opulent altar of Gozag.
  2559 | D:3      | Reached XP level 7. HP: 58/58 MP: 7/7
  2907 | D:4      | Reached skill level 1 in Evocations
  2910 | D:4      | Found a broken altar of Ashenzari.
  2948 | D:4      | Found a stormy altar of Qazlal.
  3350 | D:4      | Found a hide-covered altar of Uskayaw.
  3475 | D:5      | Entered Level 5 of the Dungeon
  3607 | D:5      | Found a glowing drain.
  3615 | Sewer    | Entered a sewer
  3731 | Sewer    | Reached skill level 10 in Axes
  3810 | Sewer    | Reached XP level 8. HP: 63/66 MP: 8/8
  4210 | D:5      | Found an ornate altar of the Wu Jian Council.
  4242 | D:5      | Found a hide-covered altar of Uskayaw.
  4244 | D:5      | Found a shimmering altar of Xom.
  4244 | D:5      | Found a sparkling altar of Nemelex Xobeh.
  4246 | D:5      | Found an iron altar of Okawaru.
  4246 | D:5      | Found a glowing golden altar of the Shining One.
  4246 | D:5      | Found a shimmering blue altar of Sif Muna.
  4437 | D:5      | Found a sparkling altar of Nemelex Xobeh.
  4504 | D:5      | Found a glowing golden altar of the Shining One.
  4504 | D:5      | Found a glowing silver altar of Zin.
  4506 | D:5      | Found a white marble altar of Elyvilon.
  4737 | D:5      | Noticed Grinder
  4744 | D:5      | Killed Grinder
  4745 | D:5      | Reached skill level 5 in Armour
  4745 | D:5      | Reached skill level 5 in Shields
  4873 | D:5      | Noticed Edmund
  4897 | D:5      | Killed Edmund
  5443 | D:6      | Noticed Eustachio
  5461 | D:6      | Reached XP level 9. HP: 72/72 MP: 9/9
  5480 | D:6      | Killed Eustachio
  5842 | D:6      | Noticed Blork the orc
  5869 | D:6      | Killed Blork the orc
  5980 | D:6      | Reached skill level 5 in Fighting
  6059 | D:6      | Found an iron altar of Okawaru.
  6737 | D:7      | Reached XP level 10. HP: 83/83 MP: 10/10
  6848 | D:7      | Found a staircase to the Ecumenical Temple.
  6896 | Temple   | Entered the Ecumenical Temple
  7086 | D:7      | Found a transporter.
  7091 | D:7      | Noticed qeuew's ghost (novice DECj)
  7130 | D:7      | Reached skill level 5 in Evocations
  7208 | D:7      | Found a transporter.
  7429 | D:7      | Killed qeuew's ghost
  7582 | D:8      | Noticed Psyche
  7583 | D:8      | Found a flagged portal.
  7588 | D:8      | Killed Psyche
  7607 | Bailey   | Entered a bailey
  7746 | Bailey   | Noticed an orc high priest
  7756 | Bailey   | Killed an orc high priest
  7935 | Bailey   | Acquired the +1 helmet of Past Mistakes {rPois rC+ Dex+4}
  8395 | Bailey   | Found an iron altar of Okawaru.
  8395 | Bailey   | Noticed a kobold demonologist
  8459 | Bailey   | Killed a kobold demonologist
  8481 | Bailey   | Reached XP level 11. HP: 87/92 MP: 11/11
  8598 | D:8      | Found a transporter.
  8600 | D:8      | Found a viscous altar of Jiyva.
  8655 | D:8      | Found a burning altar of Makhleb.
  8737 | D:8      | Found a transporter.
  8892 | D:8      | Found a shadowy altar of Dithmenos.
  9068 | D:8      | Noticed a tengu warrior
  9077 | D:8      | Killed a tengu warrior
  9190 | D:8      | Noticed a two-headed ogre
  9198 | D:8      | Killed a two-headed ogre
  9353 | D:9      | Reached skill level 15 in Axes
  9572 | D:9      | Identified the +2 hand axe "Hiko" {elec, rN++ Str+4 Dex-3}
  9594 | D:9      | Found a blossoming altar of Fedhas.
  9622 | D:9      | Noticed an oklob plant
  9897 | D:9      | Found a basalt altar of Yredelemnul.
  9959 | D:9      | Became a worshipper of Yredelemnul the Dark
  9965 | D:9      | Reached skill level 11 in Invocations
  9965 | D:9      | Reached XP level 12. HP: 101/101 MP: 11/20
 10307 | D:9      | HP: 3/102 [skeletal warrior/+0 glaive (18)]
 11142 | D:10     | Entered Level 10 of the Dungeon
 11296 | D:10     | Paralysed by a hornet for 2 turns
 11392 | D:10     | Reached * piety under Yredelemnul
 11532 | D:10     | Reached ** piety under Yredelemnul
 11579 | D:10     | Reached XP level 13. HP: 100/108 MP: 21/21
 11851 | D:10     | Found a staircase to the Lair.
 12260 | D:11     | Reached *** piety under Yredelemnul
 12737 | D:11     | Reached **** piety under Yredelemnul
 12738 | D:11     | Reached skill level 12 in Invocations
 12795 | D:11     | Reached ***** piety under Yredelemnul
 12809 | D:11     | Found a staircase to the Orcish Mines.
 12969 | D:11     | Reached ****** piety under Yredelemnul
 13103 | D:11     | Noticed Fannar
 13113 | D:11     | Killed Fannar
 13113 | D:11     | Enslaved Fannar
 13246 | D:11     | Identified the +0 robe of Parts Unknown {+Blink rCorr
                  | Dex+4}
 13513 | D:11     | Found Heewaled's General Store.
 13693 | D:11     | Bought a scroll of acquirement for 676 gold pieces
 13701 | D:11     | Acquired the +3 crystal plate armour of Xegich {rPois Str+4
                  | Slay+3}
 13854 | Lair:1   | Entered Level 1 of the Lair of Beasts
 14128 | Lair:1   | Noticed Nergalle
 14136 | Lair:1   | Killed Nergalle
 14835 | Lair:2   | Found a runed translucent door.
 14860 | Lair:2   | Found a staircase to the Snake Pit.
 15085 | Lair:2   | Found a staircase to the Swamp.
 15155 | Lair:2   | Identified the +6 spear of the Eggplant {vorpal, rElec}
 15155 | Lair:2   | Noticed bigduke15's ghost (journeyman MiFi)
 15355 | Lair:2   | Acquired a +2 vampiric broad axe
 15725 | Lair:2   | Killed bigduke15's ghost
 15729 | Lair:2   | Reached skill level 10 in Fighting
 15882 | Lair:3   | Reached skill level 10 in Armour
 15899 | Lair:3   | Found a runed translucent gate.
 15900 | Lair:3   | Found a runed translucent gate.
 15900 | Lair:3   | Noticed zishaf's ghost (journeyman VSBr)
 15901 | Lair:3   | Found a runed translucent gate.
 15914 | Lair:3   | Reached skill level 10 in Shields
 16156 | Lair:3   | Found a white marble altar of Elyvilon.
 16532 | Lair:3   | Reached XP level 14. HP: 111/121 MP: 15/23
 16535 | Lair:3   | Killed zishaf's ghost
 16536 | Lair:3   | Reached skill level 13 in Invocations
 17056 | Lair:4   | Found an ornate altar of the Wu Jian Council.
 17065 | Lair:4   | Found a staircase to the Slime Pits.
 17065 | Lair:4   | Found a viscous altar of Jiyva.
 17340 | Lair:5   | Entered Level 5 of the Lair of Beasts
 17553 | Lair:5   | Reached skill level 14 in Invocations
 17717 | Lair:5   | Noticed Snorg
 17731 | Lair:5   | Killed Snorg
 17806 | Lair:5   | Reached skill level 15 in Invocations
 17879 | Lair:5   | Reached XP level 15. HP: 132/132 MP: 26/26
 17905 | Lair:5   | Noticed Kirke
 17912 | Lair:5   | Noticed a sphinx
 17916 | Lair:5   | Killed Kirke
 17916 | Lair:5   | Enslaved Kirke
 18266 | Snake:1  | Entered Level 1 of the Snake Pit
 18271 | Lair:2   | Acquired 1006 gold pieces
 18273 | Lair:2   | Acquired the +3 pair of seven-league boots {Rampage+∞}
 18273 | Lair:2   | Found the +3 pair of seven-league boots {Rampage+∞}
 18341 | Snake:1  | Found Bimul's Armour Shoppe.
 18348 | Snake:1  | Found Neni's Antique Weapon Shoppe.
 18363 | Snake:1  | Bought a translucent war axe for 246 gold pieces
 18363 | Snake:1  | Identified the +4 war axe "Faxe" {drain, rCorr MP-9 Int+4
                  | Stlth+} (You bought it in a shop on level 1 of the Snake
                  | Pit)
 18454 | Snake:1  | Reached skill level 16 in Invocations
 18684 | Snake:1  | Found a runed translucent door.
 18685 | Snake:1  | Found a shimmering altar of Xom.
 18685 | Snake:1  | Noticed Isiyh's ghost (journeyman MiMo)
 18685 | Snake:1  | Found the +3 Elemental Staff {rElec rF++ rC++ AC+5}
 18749 | Snake:1  | Noticed Louise
 18774 | Snake:1  | Killed Louise
 19175 | Snake:1  | Your ally Louise died
 19283 | Snake:1  | Noticed Aizul
 19292 | Snake:1  | Killed Aizul
 19298 | Snake:1  | Identified the +2 scale mail of Caustic Beauty {Drain rC+
                  | Int+7}
 19593 | Snake:1  | Killed Isiyh's ghost
 19623 | Snake:2  | Found a hazy altar of Hepliaklqana.
 19652 | Snake:2  | Noticed Vashnia
 19707 | Snake:2  | Killed Vashnia
 19708 | Snake:2  | Reached skill level 17 in Invocations
 19714 | Snake:2  | Reached skill level 10 in Evocations
 19883 | Snake:2  | Noticed a nagaraja
 19892 | Snake:2  | Killed a nagaraja
 19919 | Snake:2  | Reached XP level 16. HP: 142/143 MP: 28/28
 20386 | Snake:3  | Noticed a nagaraja
 20403 | Snake:3  | Killed a nagaraja
 20470 | Snake:3  | Reached skill level 18 in Invocations
 21163 | Snake:4  | Entered Level 4 of the Snake Pit
 21229 | Snake:4  | Noticed a nagaraja
 21246 | Snake:4  | Killed a nagaraja
 21276 | Snake:4  | Noticed a nagaraja
 21285 | Snake:4  | Killed a nagaraja
 21378 | Snake:4  | Reached skill level 19 in Invocations
 21407 | Snake:4  | Reached XP level 17. HP: 151/152 MP: 30/30
 21724 | Snake:4  | Noticed Asterion
 21739 | Snake:4  | Killed Asterion
 21739 | Snake:4  | Enslaved Asterion
 22177 | Snake:4  | Identified the +4 whip "Hill Orc's Death" {elec, rF+}
 22197 | Snake:4  | Reached skill level 20 in Invocations
 22214 | Snake:4  | Got a serpentine rune of Zot
 22535 | Lair:2   | Upgraded the game from 0.30-a0-458-g86641cc369 to
                  | 0.30-a0-459-g9104f0fc43
 22536 | Swamp:1  | Entered Level 1 of the Swamp
 22705 | Swamp:1  | Reached skill level 15 in Fighting
 22881 | Swamp:1  | Identified Roxanne's Atlas of Terrain
 22881 | Swamp:1  | Noticed Roxanne
 22904 | Swamp:1  | Killed Roxanne
 23019 | Swamp:1  | Found a blossoming altar of Fedhas.
 23470 | Swamp:2  | Found a runed translucent door.
 23475 | Swamp:2  | Noticed bakla's ghost (journeyman TrBe)
 23483 | Swamp:2  | Killed bakla's ghost
 23589 | Swamp:2  | Noticed Jorgrun
 23597 | Swamp:2  | Killed Jorgrun
 23598 | Swamp:2  | Reached skill level 15 in Shields
 23598 | Swamp:2  | Reached XP level 18. HP: 99/163 MP: 30/32
 24412 | Swamp:3  | Noticed Mlioglotl
 24418 | Swamp:3  | Reached skill level 21 in Invocations
 24419 | Swamp:3  | Killed Mlioglotl
 24623 | Swamp:3  | Noticed Mara
 24631 | Swamp:3  | Noticed Mitcholas's illusion
 24637 | Swamp:3  | Noticed Mitcholas's illusion
 24649 | Swamp:3  | Killed Mara
 25188 | Swamp:4  | Entered Level 4 of the Swamp
 25661 | Swamp:4  | Noticed the 27-headed Lernaean hydra
 25673 | Swamp:4  | Killed the 27-headed Lernaean hydra
 25673 | Swamp:4  | Enslaved the 27-headed Lernaean hydra
 25870 | Swamp:4  | Got a decaying rune of Zot
 25976 | Swamp:4  | Reached skill level 15 in Armour
 26427 | Orc:1    | Entered Level 1 of the Orcish Mines
 26675 | Orc:2    | Entered Level 2 of the Orcish Mines
 26735 | Orc:2    | Found a roughly hewn altar of Beogh.
 26786 | Orc:2    | Found Kaalaith's Book Shop.
 26786 | Orc:2    | Found Vaklos's Weapon Boutique.
 26788 | Orc:2    | Found Dodek's Magic Scroll Boutique.
 26815 | Orc:2    | Found Vaomeeg's General Store.
 26820 | Orc:2    | Bought a scroll of enchant weapon for 75 gold pieces
 26891 | Orc:2    | Reached skill level 22 in Invocations
 27062 | Orc:2    | Found a staircase to the Elven Halls.
 27595 | Elf:1    | Entered Level 1 of the Elven Halls
 27935 | Elf:1    | Found Mim Ager's Armour Shoppe.
 28013 | Elf:1    | Reached XP level 19. HP: 172/172 MP: 34/34
 28023 | Elf:1    | Found a shimmering blue altar of Sif Muna.
 28070 | Elf:1    | Noticed an Ice Fiend
 28654 | Snake:1  | Bought the +11 storm dragon scales of the Snake Pit {rElec
                  | Dex+4} for 2250 gold pieces
 28954 | D:12     | Found a runed translucent door.
 29177 | D:12     | Identified the +0 leather armour of Hofyzul {+Blink rPois
                  | rCorr}
 29420 | D:12     | Identified the amulet "Umnumoj" {RegenMP *Slow Dex+4}
 29425 | D:12     | Identified the +3 plate armour "Fadess" {Rampage Int+3
                  | Dex+4}
 29499 | D:13     | Found the +2 Maxwell's thermic engine {flame, freeze}
 29831 | D:13     | Noticed Rupert
 29838 | D:13     | Killed Rupert
 30703 | D:14     | Noticed Lodul
 30717 | D:14     | Killed Lodul
 30815 | D:14     | Noticed Josephine
 30822 | D:14     | Killed Josephine
 31006 | D:14     | Identified the +4 scale mail "Qaxuew" {Str-2 Int-5 Dex+9
                  | Slay+2}
 31153 | D:14     | Reached skill level 23 in Invocations
 31186 | D:14     | Found a gate to the Vaults.
 31483 | D:15     | Entered Level 15 of the Dungeon
 31540 | D:15     | Found an ornate altar of the Wu Jian Council.
 31749 | D:15     | Found a staircase to the Depths.
 31874 | D:15     | Found Arutamn's Magic Scroll Emporium.
 31917 | D:15     | Found a portal to a secret trove of treasure.
 32124 | Vaults:1 | Entered Level 1 of the Vaults
 32518 | Vaults:1 | Reached XP level 20. HP: 184/184 MP: 35/35
 33199 | Vaults:1 | Your ally bound 27-headed Lernaean hydra died
 33658 | Vaults:1 | Reached skill level 24 in Invocations
 33998 | Vaults:2 | Found a staircase to the Crypt.
 33998 | Vaults:2 | Found an ancient bone altar of Kikubaaqudgha.
 33999 | Vaults:2 | Found a basalt altar of Yredelemnul.
 34674 | Vaults:2 | Identified the +0 robe of Kikubaaqudgha's Favour {rC+ rN+
                  | Will+++ Int-2}
 35138 | Vaults:3 | Found a magical portal.
 35143 | WizLab   | Entered Maxwell's Workshop
 35465 | WizLab   | Reached XP level 21. HP: 180/193 MP: 37/37
 35533 | WizLab   | Reached skill level 25 in Invocations
 35543 | WizLab   | Identified the +0 pair of boots of the Guild-Master {Str+8
                  | Int-3}
 35544 | WizLab   | Identified the ring "Cypiuk" {Ice Str+2}
 35573 | WizLab   | Identified the ring of Discord {rF+ Slay+5}
 35714 | WizLab   | Identified the ring "Houbiar" {Fire Fly rElec}
 35749 | WizLab   | Identified the ring "Reledoci" {Ice rElec Str+9 Slay-2}
 35751 | WizLab   | Identified the ring "Fuarysugi" {Ice rElec Str+3 Slay-6}
 36442 | Vaults:3 | Identified the +1 robe "Ithacs" {*Slow rElec Str+4 Int+3
                  | Dex+4}
 37118 | Vaults:4 | Found a flickering gateway to a bazaar.
 37127 | Bazaar   | Entered a bazaar
 37145 | Bazaar   | Found Alucw's Jewellery Emporium.
 37158 | Bazaar   | Found Kimaew's Weapon Shoppe.
 37158 | Bazaar   | Found Humn's Antique Weapon Emporium.
 37171 | Bazaar   | Found Pooleip's Antique Armour Shoppe.
 37171 | Bazaar   | Found Zotruf's Book Emporium.
 37816 | Vaults:4 | Identified the +2 leather armour "Poossix" {rF+ rN+ Int+5
                  | Dex-2}
 38021 | Vaults:4 | Reached skill level 26 in Invocations
 38114 | Vaults:4 | Identified the +6 plate armour of Insatiable Hunger {Str+5
                  | Stlth-}
 38681 | Depths:1 | Entered Level 1 of the Depths
 38717 | Depths:1 | Reached XP level 22. HP: 201/204 MP: 39/39
 38760 | Depths:1 | Found an ancient bone altar of Kikubaaqudgha.
 38897 | Depths:1 | Found a sparkling altar of Nemelex Xobeh.
 38990 | Depths:1 | Found a gateway to Hell.
 38992 | Depths:1 | Noticed Saint Roka
 39003 | Depths:1 | Killed Saint Roka
 39003 | Depths:1 | Enslaved Saint Roka
 39227 | Depths:1 | Found a one-way gate to the infinite horrors of the Abyss.
 39571 | Depths:2 | Paralysed by a floating eye for 4 turns
 39597 | Depths:2 | Your ally Saint Roka died
 39886 | Depths:2 | Reached skill level 27 in Invocations
 39975 | Depths:2 | Found a one-way gate leading to the halls of Pandemonium.
 40275 | Depths:2 | Noticed a golden dragon
 40286 | Depths:2 | Killed a golden dragon
 40286 | Depths:2 | Enslaved a golden dragon
 40691 | Depths:3 | Noticed Sojobo
 40743 | Depths:3 | Reached XP level 23. HP: 199/215 MP: 40/40
 40999 | Depths:3 | Identified the +1 rapier "Jecyve" {vorpal, +Blink}
 41066 | Depths:3 | Killed Sojobo
 41066 | Depths:3 | Enslaved Sojobo
 41390 | Depths:3 | Gained mutation: Armour fits poorly on your strangely
                  | shaped body. [mutagenic glow]
 41401 | Depths:3 | Gained mutation: You are weak. (Str -2) [mutagenic glow]
 41420 | Depths:3 | Gained mutation: You are frail. (-10% HP) [mutagenic glow]
 41660 | Depths:3 | Paralysed by a floating eye for 4 turns
 41878 | Depths:3 | Identified the +1 leather armour of the Silversmith {+Inv
                  | Dex+4}
 42225 | Depths:4 | Entered Level 4 of the Depths
 42230 | Depths:4 | Noticed an ancient lich
 42265 | Depths:4 | Killed an ancient lich
 42276 | Depths:4 | HP: 8/185 [something (28)]
 42691 | Depths:4 | Paralysed by a vampire knight for 2 turns
 42947 | Depths:4 | Found a gate to the Realm of Zot.
 42947 | Depths:4 | Noticed a golden dragon
 42947 | Depths:4 | Noticed a golden dragon
 42963 | Depths:4 | Killed a golden dragon
 42972 | Depths:4 | Killed a golden dragon
 42986 | Depths:4 | Noticed Parghit
 43008 | Depths:4 | Killed Parghit
 43008 | Depths:4 | Enslaved Parghit
 43072 | Depths:4 | Reached XP level 24. HP: 123/203 MP: 40/40
 43301 | Depths:4 | Got the Spellbook of the Ladybird
 43332 | Depths:4 | Found a one-way gateway to a ziggurat.
 43332 | Depths:4 | Noticed an ancient lich
 43332 | Depths:4 | Noticed an ancient lich
 43345 | Depths:4 | Killed an ancient lich
 43350 | Depths:4 | Killed an ancient lich
 43708 | Depths:4 | Found Terhetzi's Jewellery Shop.
 43708 | Depths:4 | Found Nuant's Book Shoppe.
 43709 | Depths:4 | Found Goetamm's Book Shoppe.
 44022 | Orc:2    | Upgraded the game from 0.30-a0-459-g9104f0fc43 to
                  | 0.30-a0-462-gd5975efbca
 44334 | Elf:2    | Paralysed by an air elemental for 1 turns
 44340 | Elf:2    | Paralysed by an air elemental for 1 turns
 44603 | Elf:2    | Found a runed translucent gate.
 44603 | Elf:2    | Found a runed translucent gate.
 44604 | Elf:2    | Found a runed translucent gate.
 44669 | Elf:3    | Entered Level 3 of the Elven Halls
 45262 | Elf:3    | Identified the +4 mace of the Walnut {freeze, Drain rElec
                  | rC+ Int+3}
 45351 | Elf:3    | Got Narey's Compilation of Interference
 45367 | Elf:3    | Found the +6 Majin-Bo {vamp, MP+6 Int+6}
 45368 | Elf:3    | Identified the +1 leather armour of Maejasun {Dex+3}
 45547 | Elf:3    | Identified the +5 falchion "Ohemautz" {flame, Stlth+}
 45555 | Elf:3    | Identified the +9 hand axe of Grontol {vamp, rPois rN++}
 45560 | Elf:3    | Identified the +2 cloak of the Haunted God {Dex+4}
 45679 | Elf:3    | Identified the +7 battleaxe of Annihilation {vorpal, rElec
                  | rN+ Dex+7}
 45687 | Elf:3    | Identified the amulet "Koycs" {Faith Drain Int+9}
 45741 | Elf:3    | Acquired 441 gold pieces
 45903 | Elf:3    | Your ally Parghit died
 46008 | Elf:3    | Noticed Donald
 46023 | Elf:3    | Killed Donald
 46050 | Elf:3    | Paralysed by an air elemental for 1 turns
 46139 | Elf:3    | Found Ybluath's One-of-a-Kind Books.
 46882 | Vaults:5 | Entered Level 5 of the Vaults
 46907 | Vaults:5 | Reached skill level 1 in Dodging
 47066 | Vaults:5 | Noticed an ancient lich
 47092 | Vaults:5 | Noticed a dread lich
 47093 | Vaults:5 | Reached XP level 25. HP: 180/207 MP: 40/40
 47096 | Vaults:5 | Killed an ancient lich
 47124 | Vaults:5 | Killed a dread lich
 47687 | Vaults:5 | Identified the +4 dire flail "Reajarubb" {vorpal, Int+7
                  | Stlth-}
 47687 | Vaults:5 | Identified the ring of Xom's Full Attention {Dex+3 SInv}
 47905 | Vaults:5 | Got a silver rune of Zot
 47997 | Vaults:5 | Got the Volume of the Jaunt and Hurting
 48009 | Vaults:5 | Found Ofowu's Antique Armour Boutique.
 48026 | Vaults:5 | Identified the +0 chain mail of the Depths {Str+3 Stlth+}
 48184 | Vaults:5 | Identified the +3 flail "Cugaz" {flame, rCorr Int+2}
 48208 | Vaults:5 | Identified the +1 robe of Cheibriados's Outrage {Drain rF++
                  | Will+ SInv}
 48239 | Vaults:5 | Identified the amulet of Tido {Acrobat -Cast rPois Will+}
 48645 | Vaults:5 | Bought a runed helmet for 262 gold pieces
 48645 | Vaults:5 | Bought a glowing crystal plate armour for 2905 gold pieces
 48645 | Vaults:5 | Bought a glowing helmet for 262 gold pieces
 48948 | Zot:1    | Entered Level 1 of the Realm of Zot
 49165 | Zot:1    | Found the +4 dragonskin cloak
 49165 | Zot:1    | Noticed Tiamat
 49166 | Zot:1    | Noticed an orb of fire
 49173 | Zot:1    | Paralysed by a Zot trap for 2 turns
 49236 | Zot:1    | Slain by Tiamat

Illustrated notes

Levels and vault maps discovered:
D:1:      giann_forest_graveyard, layout_loops_ring,
          hellmonk_ecumenical_altar_inner_sanctum
D:2:      layout_basic, basic_altar, minmay_bisected, uniq_sigmund, uniq_terence
D:3:      layout_basic, nicolae_gozag_conspicuous_consumption,
          nicolae_ru_awakened_eye, biasface_ghost_orc_armoury, uniq_ijyb
D:4:      layout_loops_ring, ashenzari_altar_1, eat_drink_and_be_merry_uskayaw,
          mainiacjoe_overflow_24_doors
D:5:      layout_loops_corners, dreamdust_divine_triumvirate,
          doesnt_xom_only_xom, lemuel_coloured_pillars_altar,
          nicolae_wu_jian_wuxing_cycle, gup_sewer_entry_bubbles, uniq_grinder,
          uniq_edmund
D:6:      layout_basic, okawaru_metal_pillars_1_2, uniq_eustachio,
          uniq_blork_the_orc
D:7:      layout_loops_cross, minmay_temple_entry_mini_moons,
          gammafunk_ghost_stat_death
D:8:      gammafunk_jiyva_shrine, layout_loops_ring,
          nicolae_dithmenos_through_a_glass_darkly,
          nicolae_overflow_crystal_walls, enter_bailey_2, st_stairs_14,
          minmay_quadrilaterals, uniq_psyche
D:9:      layout_rooms, tgw_fedhas, mainiacjoe_overflow_concentric_impassable
D:10:     layout_long_grid, lair_entry_dummy
D:11:     layout_gridville, david_orc_3, serial_shops,
          nicolae_shop_hallway_stairs, uniq_fannar
D:12:     cheibrodos_shockbox, layout_rooms, onia_ninara_dug_in_and_dangerous
D:13:     layout_stronghold, david_greed, uniq_rupert
D:14:     layout_long_grid, grunt_vaults_entry_fortified, nrook_campfire,
          serial_ice, serial_ice_f, serial_ice_b, serial_ice_e, serial_ice_i,
          serial_ice_m, uniq_lodul, uniq_josephine
D:15:     grunt_enter_depths_giant_problem, layout_rooms, serial_shops,
          shop_scrolls, lemuel_tele_altar, enter_trove_3
Temple:   nicolae_temple_superstar
Lair:1:   layout_long_grid, serial_bayou_shore_b, grunt_megastairs_4,
          uniq_nergalle
Lair:2:   layout_regular_city, skrybe_swamp_entry_bodies,
          guppyfry_snake_entry_island, ebering_ghost_funeral_grove,
          lemuel_fruit_tree
Lair:3:   layout_chaotic_city, gammafunk_ghost_hydra_chop, basic_altar
Lair:4:   layout_misc_corridors, slime_entry_1, basic_altar
Lair:5:   grunt_lair_end_beastmaster, layout_long_grid, uniq_kirke, uniq_snorg
Swamp:1:  layout_basic_swamp, evilmike_swamp_ruin_house_1,
          nicolae_swamp_godswood, swamp_pool1, uniq_roxanne
Swamp:2:  layout_falls_marsh, ebering_ghost_reflecting_pool,
          evilmike_swamp_ruin_house_6, swamp_pool4, statue_in_the_mist_lemuel,
          nicolae_swamp_small_spring, uniq_jorgrun
Swamp:3:  layout_falls_marsh, nicolae_swamp_oxbows, st_swamp_mini, uniq_mara,
          uniq_mlioglotl
Swamp:4:  swamp_old_school, layout_basic_swamp, swamp_pool1,
          nicolae_swamp_triple_paths
Snake:1:  layout_chambers, ebering_ghost_xom, minmay_shop_star, uniq_louise,
          uniq_aizul
Snake:2:  layout_cave_shapes, basic_altar, uniq_vashnia
Snake:3:  layout_onion_interference, nicolae_snake_shapes
Snake:4:  grunt_snake_rune_pools, layout_cave_town, serial_bayou_shore_a,
          uniq_asterion
Orc:1:    layout_diamond_mine
Orc:2:    st_orc_mages, layout_diamond_mine, basic_altar, rock_pile
Elf:1:    eino_elf_arrival_shootout, layout_gridlike, basic_altar, serial_shops,
          nicolae_shop_behind_doors, hangedman_elf_represent, grunt_megastairs_3
Elf:2:    elven_hall_of_blades_hangedman_original
          [infiniplex_blade_entry_pillars], layout_gridlike, serial_shops, shop
Elf:3:    minmay_elf_hall, layout_gridlike, nicolae_rare_books, minivault_23,
          uniq_donald
Vaults:1: v_alt_pattern_4, grunt_vaults_swirl, nicolae_vaults_what_the_h,
          nicolae_vaults_shelves_hall, vaults_room_pools,
          nicolae_vaults_network_s, vaults_mumra_lcd,
          nicolae_vaults_little_squares_3, nicolae_vaults_asterisk,
          vaults_mumra_hex, ontoclasm_vaults_chip, layout_vaults_chaotic_city
Vaults:2: ontoclasm_vaults_loading_screen, v_misc_32, v_misc_14,
          vaults_room_large_hall, minmay_crypt_entry_necro_gods,
          ontoclasm_vaults_hangar, nicolae_vaults_angled_halls,
          hangedman_vaults_slice, ontoclasm_vaults_misaligned,
          vaults_room_fancy_cross, nicolae_vaults_branching_niches, v_misc_8,
          vaults_room_ringed_pool, layout_vaults_maze
Vaults:3: infiniplex_enter_wizlab_spiral, nicolae_vaults_rhombus_7,
          hangedman_vaults_corner_blocks, ontoclasm_vaults_chip,
          ontoclasm_vaults_ring_large, nicolae_vaults_disjoint_gnomons,
          hangedman_vaults_stagger, nicolae_vaults_alarming,
          layout_vaults_omnicross
Vaults:4: v_pattern_4, vaults_dpeg_encased_lava, dpeg_vaults_hating_casters,
          vaults_room_corners, hangedman_vaults_nails,
          nicolae_vaults_mini_display_case, hangedman_vaults_trim,
          nicolae_vaults_border_crossing, vaults_dpeg_diagonal,
          layout_vaults_quadrants, serial_shops, bzr_entry_dummy
Vaults:5
Depths:1: layout_forbidden_donut, hangedman_decor_cross_pass, hell_entry,
          abyss_entry, serial_column_ruins, column_ruins_hut_pillars,
          column_ruins_open_tiny, column_ruins_grid_3,
          column_ruins_columns_straight, column_ruins_columns_straight,
          column_ruins_open_small, column_ruins_grid_3,
          column_ruins_corridor_plus, amcnicky_mini_pool_small,
          nicolae_kikubaaqudgha_miasma_corner, uniq_saint_roka
Depths:2: cheibrodos_spurs, layout_cave_pools, abyss_entry, bh_walls_and_bars,
          rand_demon_pan_entry_5, hell_entry, kennysheep_big_empty_room
Depths:3: nzn_winding_woodlands_stair_cross [nzn_winding_woodlands_5x15_jagged,
          nzn_winding_woodlands_center_lodge, nzn_winding_woodlands_5x15_zeroes,
          nzn_winding_woodlands_5x5_perimeter, nzn_winding_woodlands_5x5_three,
          nzn_winding_woodlands_5x15_split_checker,
          nzn_winding_woodlands_center_garden,
          nzn_winding_woodlands_5x15_lazy_stream], layout_gridville,
          chequers_serial_rivers_micro_a, abyss_entry, hell_entry,
          infiniplex_staircase_spiral, serial_bayou_shore_b, uniq_sojobo
Depths:4: grunt_zot_entry_funnels, layout_cave_shapes, enter_ziggurat_c,
          hell_entry, special_room [special_room_morgue],
          eino_small_chamber_without_monster, serial_bayou_pond_a,
          minmay_microvault, minmay_shop_grove, uniq_parghit
Zot:1:    layout_concentric_octagons, uniq_tiamat

Skill      XL: |  1  2  3  4  5  6  7  8  9 10 11 12 13 14 15 16 17 18 19 20 21 22 23 24 25 |
---------------+----------------------------------------------------------------------------+-----
Axes           | 3 4 5 8 9 10 11 12 14 15 17 18 | 18.0
Evocations     | 2 3 4 6 7 8 9 10 11 | 11.5
Shields        | 4 5 6 7 8 10 11 13 15 16 18 19 20 22 23 25 26 | 26.2
Armour         | 4 5 6 7 8 10 11 12 13 14 15 16 17 18 19 20 21 | 21.2
Fighting       | 4 5 7 8 10 11 13 14 15 16 17 18 19 20 21 22 | 22.5
Invocations    | 11 12 15 17 19 20 22 23 24 26 27 | 27.0
Dodging        | 2 4 |  4.7

Action                   |  1- 3 |  4- 6 |  7- 9 | 10-12 | 13-15 | 16-18 | 19-21 | 22-24 | 25-27 || total
-------------------------+-------+-------+-------+-------+-------+-------+-------+-------+-------++-------
Melee: War axe           |    71 |   140 |   431 |   550 |   204 |       |       |       |       ||  1396
       Broad axe         |       |       |       |       |   371 |   669 |  1235 |  1172 |   366 ||  3813
Invok: Recall Undead Har |       |       |       |     1 |    20 |    20 |    14 |    25 |    13 ||    93
       Dark Bargain      |       |       |       |       |    12 |     1 |       |     2 |       ||    15
       Bind Soul         |       |       |       |       |     2 |     2 |       |     4 |     2 ||    10
       Drain Life        |       |       |       |       |       |     2 |       |       |       ||     2
Evoke: Wand              |       |       |     1 |    11 |     9 |     5 |     1 |     3 |       ||    30
       Tin of tremorston |       |       |       |       |     2 |       |       |       |       ||     2
       Lightning rod     |       |       |       |       |       |       |     1 |       |       ||     1
  Use: Scroll            |       |     3 |     8 |    11 |    12 |     1 |     8 |     5 |     1 ||    49
       Potion            |       |     1 |       |     3 |       |     2 |     3 |     3 |     2 ||    14
 Stab: Paralysed         |       |       |     3 |    12 |     5 |       |       |    25 |       ||    45
       Fleeing           |       |       |       |     1 |       |       |       |       |       ||     1
       Distracted        |       |       |       |     1 |    18 |    17 |    29 |    32 |    14 ||   111
       Petrified         |       |       |       |       |    10 |       |       |       |     4 ||    14
       Petrifying        |       |       |       |       |     1 |       |       |       |       ||     1
       Invisible         |       |       |       |       |       |       |       |       |    14 ||    14
Armor: Scale mail        |    30 |       |       |       |       |       |       |       |       ||    30
       Chain mail        |     7 |    81 |   241 |   268 |    55 |       |       |       |       ||   652
       Crystal plate arm |       |       |       |       |   311 |   444 |     2 |       |       ||   757
       Plate armour      |       |       |       |       |     1 |       |       |       |       ||     1
       Storm dragon scal |       |       |       |       |       |       |   491 |   506 |   139 ||  1136
Dodge: Dodged            |    27 |    42 |   109 |   155 |   107 |    79 |   211 |   156 |    72 ||   958
Block: Buckler           |    15 |    22 |    67 |   157 |   154 |       |       |       |       ||   415
       Tower shield      |       |       |       |       |    89 |   655 |  1086 |  1066 |   393 ||  3289

Table legend: (Time is in decaauts)
 A = Elapsed time spent in this place.
 B = Non-inter-level travel time spent in this place.
 C = Inter-level travel time spent in this place.
 D = Time resting spent in this place.
 E = Time spent auto-exploring this place.
 F = Levels seen in this place.
 G = Mean time per level.
                   A        B        C        D        E       F      G
               +--------+--------+--------+--------+--------+-----+--------+
         Total |  48860 |  44973 |   3887 |   6055 |  25116 |  48 | 1017.9 |
       Dungeon |  16021 |  14811 |   1210 |   2447 |   8521 |  15 | 1068.1 |
        Temple |    137 |    137 |      0 |      0 |    123 |   1 |  137.0 |
          Lair |   4540 |   4110 |    430 |    224 |   2835 |   5 |  908.0 |
         Swamp |   4010 |   3760 |    250 |    698 |   2171 |   4 | 1002.5 |
     Snake Pit |   4285 |   3988 |    297 |    281 |   2402 |   4 | 1071.2 |
  Orcish Mines |   1340 |   1056 |    284 |      0 |    813 |   2 |  670.0 |
   Elven Halls |   3318 |   3069 |    249 |    446 |   1354 |   3 | 1106.0 |
        Vaults |   7384 |   6640 |    744 |    683 |   3909 |   5 | 1476.8 |
        Depths |   5100 |   4679 |    421 |    692 |   2485 |   4 | 1275.0 |
           Zot |    234 |    234 |      0 |      0 |     32 |   1 |  234.0 |
        Bazaar |    194 |    194 |      0 |      0 |     37 |   1 |  194.0 |
         Sewer |    543 |    543 |      0 |     97 |    259 |   1 |  543.0 |
        Bailey |    941 |    941 |      0 |    345 |      0 |   1 |  941.0 |
        Wizlab |    807 |    807 |      0 |    139 |    174 |   1 |  807.0 |
               +--------+--------+--------+--------+--------+-----+--------+

Top non-repeatable levels by time:
Depths:3: 1906 daAuts
Vaults:1: 1798 daAuts
    D:11: 1782 daAuts
   Elf:3: 1769 daAuts
     D:9: 1731 daAuts
Vaults:5: 1667 daAuts
 Snake:1: 1465 daAuts
  Lair:2: 1454 daAuts
Vaults:4: 1357 daAuts
     D:5: 1325 daAuts
Vaults:3: 1293 daAuts
Depths:2: 1285 daAuts
 Snake:4: 1279 daAuts
Vaults:2: 1267 daAuts
     D:3: 1229 daAuts
